AoeStats
← SimonPP95

Lombardia

510151745Analyzed
4v4 RM · 3d ago on Sep 29, 2026· 55m 34s· 8 players
Game mode
Random Map
Map size
Large (8 player)
Population
200
Speed
Normal
Resources
Standard
Victory
Conquest
Starting age
Dark Age
Ending age
Imperial Age
RankedLock teamsTeams togetherTeam positionsShared explorationLock speedFull tech treeHidden civsTurbo modeCheats
Victory
Defeat
🇵🇪 Slavs · Peru
899
+14
892
+14
🇺🇸 Mapuche · United States
890
+14
🇺🇸 Berbers · United States
885
+14
🇺🇸 Huns · United States
879
-15
🇭🇺 Portuguese · Hungary
859
-14
🇧🇪 Celts · Belgium
838
-14
🇪🇸 Malay · Spain
821
-13
keager241
0:33 Loom
12:13 Feudal Age
13:51 Wheelbarrow
13:08 Double-Bit Axe
13:03 Horse Collar
19:33 Castle Age
18:32 Gold Mining
19:13 Bloodlines
20:22 Husbandry
21:52 Squires
26:09 Forging
27:44 Heavy Plow
29:32 Scale Barding Armor
30:20 Gold Shaft Mining
30:23 Iron Casting
30:14 Bow Saw
30:19 Stone Mining
31:36 Ballistics
31:15 Murder Holes
31:21 Pikeman
31:47 Arson
33:09 Hand Cart
40:04 Imperial Age
juhamate7
5:46 Loom
5:48 Loom
13:11 Feudal Age
15:01 Double-Bit Axe
17:23 Castle Age
25:20 Crossbowman
28:30 Fletching
28:40 Padded Archer Armor
30:55 Ballistics
aRiPeiCh
0:33 Loom
11:25 Feudal Age
12:04 Wheelbarrow
12:50 Double-Bit Axe
13:17 Gold Mining
16:52 Horse Collar
19:56 Arson
20:24 Stone Mining
24:25 Castle Age
23:33 Forging
23:28 Scale Barding Armor
24:48 Hand Cart
25:28 Gold Shaft Mining
26:35 Bow Saw
27:56 Iron Casting
27:12 Fletching
28:35 Heavy Plow
29:48 Town Watch
30:45 Bodkin Arrow
31:29 Stone Shaft Mining
30:57 Town Patrol
32:45 Husbandry
35:50 Imperial Age
35:39 Forced Levy
37:31 Elite Karambit Warrior
42:35 Elite Battle Elephant
46:06 Coinage
SimonPP95
0:46 Loom
11:12 Feudal Age
12:09 Double-Bit Axe
12:34 Horse Collar
15:28 Wheelbarrow
20:10 Castle Age
19:09 Man-at-Arms
21:54 Bow Saw
21:45 Heavy Plow
21:47 Long Swordsman
23:15 Hand Cart
24:25 Town Watch
26:25 Forging
26:15 Scale Mail Armor
31:21 Pikeman
32:19 Chain Mail Armor
decayon
10:22 Feudal Age
15:00 Castle Age
13:16 Double-Bit Axe
15:19 Forging
15:45 Light Cavalry
19:07 Bow Saw
20:27 Loom
21:48 Horse Collar
25:05 Heavy Plow
25:08 Stone Mining
25:08 Gold Mining
26:55 Scale Barding Armor
27:02 Town Watch
27:45 Husbandry
27:56 Bloodlines
28:11 Chain Barding Armor
28:32 Iron Casting
33:02 Wheelbarrow
32:14 Town Watch
33:43 Stone Shaft Mining
34:10 Hand Cart
35:28 Gold Shaft Mining
43:17 Imperial Age
45:58 Onager
Gbetosaurus
9:45 Feudal Age
11:40 Double-Bit Axe
11:58 Gold Mining
12:44 Horse Collar
16:16 Loom
16:56 Forging
16:47 Scale Mail Armor
16:33 Champi Runner
18:35 Arson
24:43 Castle Age
26:59 Fletching
27:10 Padded Archer Armor
29:21 Ballistics
29:07 Stone Mining
30:08 Bodkin Arrow
35:11 Bow Saw
37:44 Imperial Age
38:24 Wheelbarrow
38:08 Leather Archer Armor
39:31 Malon
40:44 Gold Shaft Mining
40:10 Heavy Plow
40:46 Stone Shaft Mining
41:25 Conscription
41:26 Butalmapu
43:30 Elite Bolas Rider
44:41 Ring Archer Armor
Juan Carlos Bodoque
0:38 Loom
10:27 Feudal Age
13:47 Double-Bit Axe
13:54 Gold Mining
18:10 Forging
18:00 Scale Mail Armor
18:09 Arson
18:24 Town Watch
19:16 Wheelbarrow
22:30 Fletching
24:59 Castle Age
25:48 Gambesons
26:05 Squires
27:48 Bodkin Arrow
27:53 Padded Archer Armor
28:10 Chain Mail Armor
28:30 Iron Casting
33:03 Imperial Age
30:35 Town Patrol
31:06 Hand Cart
31:30 Scale Barding Armor
32:15 Chain Barding Armor
33:17 Bow Saw
34:55 Blast Furnace
34:50 Horse Collar
36:53 Capped Ram
39:07 Murder Holes
39:24 Masonry
41:21 Siege Ram
43:40 Heavy Plow
45:32 Architecture
46:14 Ballistics
46:27 Bracer
47:04 Plate Barding Armor
47:00 Plate Mail Armor
52:31 Chemistry
51:41 Siege Engineers
52:37 Husbandry
52:48 Bloodlines
54:25 Gold Shaft Mining
53:40 Stone Mining
54:09 Stirrups
54:38 Conscription
54:48 Elite Konnik
-Nv.~|Annier^^!|
0:56 Loom
11:19 Feudal Age
12:36 Wheelbarrow
11:49 Double-Bit Axe
16:48 Horse Collar
22:58 Castle Age
22:30 Gold Mining
22:34 Stone Mining
24:08 Hand Cart
24:05 Bow Saw
25:32 Heavy Plow
26:52 Pikeman
37:22 Imperial Age
36:09 Gold Shaft Mining
37:25 Town Watch
39:22 Two-Man Saw
38:54 Crop Rotation
40:18 Forging
39:58 Fletching
40:14 Scale Barding Armor
40:30 Ballistics
40:21 Masonry
41:12 Scale Mail Armor
41:47 Iron Casting
41:16 Light Cavalry
41:19 Halberdier
41:59 Squires
42:46 Bloodlines
42:36 Husbandry
42:04 Hussar
43:34 Onager
44:22 Bodkin Arrow
47:18 Detinets
51:34 Siege Onager
Connection lost

Rejoining the realm…

Still unreachable

The connection could not be restored.

Session expired

The server has moved on; the page needs a fresh start.